 Dungeon Sprint DCSS version 0.31-a0-626-g8143ab4f1d (webtiles) character file.

Game seed: 6507712347096862642

23314 rocky1 the Fencer (level 13, -1/106 HPs)
             Began as a Djinni Gladiator on Aug 25, 2023.
             Was an Initiate of Gozag.
             Slain by a spriggan berserker
             ... wielding a +0 war axe
              (21 damage)
             ... in the Dungeon (Sprint IX: "|||||||||||||||||||||||||||||").
             The game lasted 00:14:38 (4061 turns).

rocky1 the Fencer (Djinni Gladiator)                Turns: 4061, Time: 00:14:39

Health: -1/106     AC: 15    Str: 13    XL:     13   Next: 34%
Gold:   2115       EV: 26    Int: 12    God:    Gozag SH:  0 Dex: 24

rFire   + + .        D - +5 great sword (flame)
rCold   + + .        (shield currently unavailable)
rNeg    . . .        A - +4 skin of Zhor {*Englaciate rC+++ SInv}
rPois   ∞            o - +2 helmet {Int+3}
rElec   .            z - +1 cloak
rCorr   .            n - +1 pair of gloves
SInv    +            (boots unavailable)
Will    +....        (no amulet)
Stlth   +++          q - +2 ring of evasion
HPRegen 0.37/turn    p - +3 ring of dexterity
MPRegen 0.00/turn

%: no teleportation, infuse magic (-2 HP)
@: flying
A: sickness immunity, fire resistance 2, cold vulnerability 1, float, innate
caster, HP casting, extra vitality 1
a: Renounce Religion, Potion Petition, Call Merchant, Bribe Branch


You were in the Dungeon.
You worshipped Gozag.
Gozag was most pleased with you.
You visited 1 branch You collected 7782 gold pieces.
You spent 2304 gold pieces at shops.
You paid 3363 gold pieces to Gozag.

Inventory:

Hand Weapons
 m - a +4 scimitar of flaming
 D - a +5 great sword of flaming (weapon)
 E - a +1 great sword of holy wrath
Missiles
 d - 7 throwing nets (quivered)
Armour
 a - a +5 ring mail of cold resistance
 n - a +1 pair of gloves (worn)
 o - a +2 helmet of intelligence (worn)
 z - a +1 cloak (worn)
 A - the +4 skin of Zhor (worn) {*Englaciate rC+++ SInv}
   (You found it in the Dungeon)

   *Englaciate: It radiates cold, occasionally slowing all nearby creatures who
   are not resistant to cold.
   rC+++:     It renders you almost immune to cold.
   SInv:      It lets you see invisible.
 C - +1 ice dragon scales
Jewellery
 p - a +3 ring of dexterity (right hand)
 q - a +2 ring of evasion (left hand)
 v - a ring of willpower
 w - a ring of fire
 y - a ring of protection from fire
Scrolls
 c - 3 scrolls of enchant weapon
 j - 2 scrolls of blinking
 s - 2 scrolls of fear
 t - a scroll of brand weapon
 B - 2 scrolls of identify
Potions
 b - 3 potions of might
 e - a potion of ambrosia
 f - 12 potions of curing
 g - 2 potions of invisibility
 h - 3 potions of haste
 i - 2 potions of berserk rage
 k - 4 potions of brilliance
 l - 3 potions of mutation
 r - 2 potions of heal wounds
 u - a potion of resistance
 x - a potion of lignification


   Skills:
 * Level 14.8 Fighting
 + Level 19.0 Long Blades
 - Level 3.0 Throwing
 - Level 12.5 Armour
 + Level 13.8 Dodging
 - Level 1.9 Stealth
 * Level 10.2 Spellcasting
 * Level 10.2 Conjurations
 * Level 10.2 Hexes
 * Level 10.2 Summonings
 * Level 10.2 Necromancy
 * Level 10.2 Translocations
 * Level 10.2 Transmutations
 * Level 10.2 Fire Magic
 * Level 10.2 Ice Magic
 * Level 10.2 Air Magic
 * Level 10.2 Earth Magic
 * Level 10.2 Poison Magic
 + Level 4.5 Evocations


You knew the following spells:

 Your Spells              Type           Power      Damage    Failure   Level
a - Foxfire               Conj/Fire      100%       2x1d9     1%          1
b - Searing Ray           Conj           60%        2d6       1%          2
c - Teleport Other        Tloc           30%        N/A       1%          3
d - Animate Dead          Necr           30%        N/A       1%          4
e - Iskenderun's Mystic   Conj/Tloc      30%        2d8       1%          4
f - Summon Mana Viper     Hex/Summ       30%        N/A       4%          5
Your spell library was empty.

Dungeon Overview and Level Annotations

Branches:
Dungeon (1/1)

Altars:
Cheibriados
Dithmenos
Elyvilon
Fedhas
Gozag
Hepliaklqana
Makhleb
Nemelex Xobeh
Okawaru
Qazlal
Ru
Trog
Uskayaw
Wu Jian
Xom
Yredelemnul
Zin
The Shining One
Jiyva
Lugonu

Shops:
D (?[(![


Innate Abilities, Weirdness & Mutations

You are immune to sickness and miasma.
You are immune to poison.
Your flesh is very heat resistant. (rF++)
You are vulnerable to cold. (rC-)
You float through the air rather than walking.
You learn spells naturally, not from books.
Your magical power is your life essence.
You have superior vitality. (+4 MHP)


Message History

The spriggan berserker is no longer moving slowly.
The ettin hits you with a +0 dire flail!!
* * * LOW HITPOINT WARNING * * *
The ettin misses you.
You slash the ettin! You burn the ettin.
The ettin is severely wounded.
The spark wasp is no longer moving slowly.
The spriggan berserker is no longer distracted by gold.
You slice the ettin!! You burn the ettin!
You kill the ettin!
The spriggan berserker mumbles some strange prayers to Trog.
The spriggan berserker goes berserk!
Your Long Blades skill increases to level 19!
Unknown command.
The fire giant is no longer distracted by gold.
The fire giant is distracted by your dazzling golden aura.
You see here 198 gold pieces.
Okay, then.
Blink to where?
Press: ? - help, Dir - move target
As you read the scroll of blinking, it crumbles to dust.
Blink to where?
Press: ? - help, Dir - move target
As you read the scroll of blinking, it crumbles to dust.
You see here +0 swamp dragon scales.
You see here a +1 pair of boots.
You see here +1 fire dragon scales.
You see here a +1 robe of resistance.
You see here an orb of light.
You see here the +6 orcbow of Oxas {heavy, rPois}.
You see here a +0 triple crossbow.
The spriggan berserker rages.
You see here a +1 glaive.
You see here a +0 war axe of venom.
The spriggan berserker completely misses you.
You see here a +1 lajatang.
The spriggan berserker attacks as it pursues you!
The spriggan berserker hits you with a +0 war axe!!
You die...
Your body crumbles into a pile of gold.

▓[▓.▓.▓.▓.▓.▓_▓
▓.▓.▓[▓.▓.▓.▓_▓
▓.▓.▓[▓.▓.▓.▓_▓
▓)▓.▓[▓.▓.▓.▓_▓
▓)▓.▓[▓.▓'▓.▓_▓
▓)▓.▓.▓.▓.▓.▓_▓
▓)▓.▓[▓.▓.▓.▓_▓
▓i▓.▓[▓.▓.▓.▓_▓
▓@▓.▓[▓.▓.▓.▓_▓
▓)▓.▓.▓.▓.▓.▓'▓
▓)▓.▓)▓.▓.▓.▓.▓
▓.▓.▓[▓.▓[▓.▓.▓
▓.▓.▓'▓.▓.▓.▓.▓
▓.▓.▓.▓.▓.▓.▓.▓
▓.▓.▓.▓.▓.▓.▓.▓
▓=▓.▓∩▓.▓.▓.▓)▓
▓'▓.▓∩▓.▓.▓.▓.▓


You could see a spriggan berserker (berserk, regenerating, strong-willed).

Vanquished Creatures
  2 very ugly things (D)
  An ettin (D)
  Harold (D)
  Erolcha (D)
  2 boulder beetles (D)
  A two-headed ogre (D)
  A death yak (D)
  10 orc high priests (D)
  A skeletal warrior (D)
  A skyshark (D)
  An orc sorcerer (D)
  4 orc knights (D)
  3 ugly things (D)
  2 cyclopes (D)
  2 black mambas (D)
  3 cane toads (D)
  2 rime drakes (D)
  A yaktaur (D)
  A komodo dragon (D)
  2 trolls (D)
  A dream sheep (D)
  3 blink frogs (D)
  2 tyrant leeches (D)
  2 slime creatures (D)
  2 yaks (D)
  A wraith (D)
  2 wyverns (D)
  2 vampire mosquitoes (D)
  A basilisk (D)
  3 water moccasins (D)
  5 orc warriors (D)
  A black bear (D)
  A kobold brigand (D)
  3 bullfrogs (D)
  A hound (D)
  7 orc priests (D)
  4 orc wizards (D)
  A dart slug (D)
  10 orcs (D)
  An endoplasm (D)
  A giant cockroach (D)
  2 quokkas (D)
  A frilled lizard (D)
  A kobold (D)
100 creatures vanquished.

Notes
Turn   | Place    | Note
-------+----------+-------------------------------------------
     0 | D        | rocky1 the Djinni Gladiator began the quest for the Orb.
     0 | D        | Reached XP level 1. HP: 18/18 MP: 0/0
     9 | D        | Reached skill level 3 in Long Blades
    21 | D        | Reached XP level 2. HP: 18/23 MP: 0/0
    45 | D        | Noticed a black bear
    51 | D        | Killed a black bear
    52 | D        | Reached skill level 5 in Long Blades
    52 | D        | Reached XP level 3. HP: 21/30 MP: 0/0
    52 | D        | Learned a level 1 spell: Foxfire
    52 | D        | Reached XP level 4. HP: 24/35 MP: 0/0
    52 | D        | Reached XP level 5. HP: 28/40 MP: 0/0
    52 | D        | Learned a level 2 spell: Searing Ray
    59 | D        | Reached skill level 6 in Long Blades
   136 | D        | Found a snail-covered altar of Cheibriados.
   136 | D        | Found a shadowy altar of Dithmenos.
   136 | D        | Found a white marble altar of Elyvilon.
   136 | D        | Found a blossoming altar of Fedhas.
   136 | D        | Found an opulent altar of Gozag.
   137 | D        | Found a hazy altar of Hepliaklqana.
   138 | D        | Found a viscous altar of Jiyva.
   140 | D        | Found a corrupted altar of Lugonu.
   141 | D        | Found a burning altar of Makhleb.
   142 | D        | Found a sparkling altar of Nemelex Xobeh.
   143 | D        | Found an iron altar of Okawaru.
   144 | D        | Became a worshipper of Gozag Ym Sagoz the Greedy
   145 | D        | Found a stormy altar of Qazlal.
   146 | D        | Found a sacrificial altar of Ru.
   148 | D        | Found a bloodstained altar of Trog.
   149 | D        | Found a hide-covered altar of Uskayaw.
   151 | D        | Found an ornate altar of the Wu Jian Council.
   152 | D        | Found a shimmering altar of Xom.
   153 | D        | Found a basalt altar of Yredelemnul.
   154 | D        | Found a glowing silver altar of Zin.
   155 | D        | Found a glowing golden altar of the Shining One.
   310 | D        | Noticed a troll
   310 | D        | Noticed a troll
   310 | D        | Noticed a yak
   310 | D        | Noticed a two-headed ogre
   310 | D        | Noticed a kobold brigand
   310 | D        | Noticed a wyvern
   312 | D        | Killed a wyvern
   312 | D        | Killed a kobold brigand
   312 | D        | Killed a troll
   313 | D        | Reached skill level 10 in Long Blades
   313 | D        | Reached XP level 6. HP: 49/49 MP: 0/0
   313 | D        | Reached XP level 7. HP: 53/53 MP: 0/0
   313 | D        | Learned a level 3 spell: Teleport Other
   313 | D        | Killed a yak
   313 | D        | Killed a troll
   314 | D        | Reached skill level 5 in Fighting
   314 | D        | Reached skill level 11 in Long Blades
   314 | D        | Reached skill level 1 in Evocations
   314 | D        | Reached XP level 8. HP: 59/59 MP: 0/0
   316 | D        | Killed a two-headed ogre
   317 | D        | Reached skill level 12 in Long Blades
   317 | D        | Reached skill level 5 in Armour
   317 | D        | Reached skill level 10 in Dodging
   317 | D        | Reached XP level 9. HP: 66/66 MP: 0/0
   317 | D        | Learned a level 4 spell: Animate Dead
   529 | D        | Noticed a skeletal warrior
   529 | D        | Noticed a komodo dragon
   529 | D        | Noticed a boulder beetle
   529 | D        | Noticed a cyclops
   533 | D        | Killed a cyclops
   534 | D        | Reached skill level 13 in Long Blades
   544 | D        | Killed a komodo dragon
   554 | D        | Killed a boulder beetle
   555 | D        | Reached skill level 14 in Long Blades
   555 | D        | Reached skill level 5 in Spellcasting
   555 | D        | Reached skill level 5 in Conjurations
   555 | D        | Reached skill level 5 in Hexes
   555 | D        | Reached skill level 5 in Summonings
   555 | D        | Reached skill level 5 in Necromancy
   555 | D        | Reached skill level 5 in Translocations
   555 | D        | Reached skill level 5 in Transmutations
   555 | D        | Reached skill level 5 in Fire Magic
   555 | D        | Reached skill level 5 in Ice Magic
   555 | D        | Reached skill level 5 in Air Magic
   555 | D        | Reached skill level 5 in Earth Magic
   555 | D        | Reached skill level 5 in Poison Magic
   555 | D        | Reached XP level 10. HP: 11/73 MP: 0/0
   558 | D        | Killed a skeletal warrior
  1118 | D        | Noticed a black mamba
  1121 | D        | Killed a black mamba
  1129 | D        | Reached skill level 15 in Long Blades
  1129 | D        | Noticed a death yak
  1170 | D        | Killed a death yak
  1565 | D        | Noticed a black mamba
  1565 | D        | Noticed a cane toad
  1565 | D        | Noticed a skyshark
  1565 | D        | Noticed a cane toad
  1565 | D        | Noticed a cane toad
  1565 | D        | Noticed a rime drake
  1567 | D        | Killed a rime drake
  1568 | D        | Reached XP level 11. HP: 81/81 MP: 0/0
  1568 | D        | Learned a level 4 spell: Iskenderun's Mystic Blast
  1575 | D        | Reached skill level 16 in Long Blades
  1853 | D        | Killed a skyshark
  1854 | D        | Reached skill level 10 in Armour
  2251 | D        | Reached skill level 1 in Stealth
  2349 | D        | Noticed Erolcha
  2350 | D        | Noticed Harold
  2360 | D        | Killed Erolcha
  2361 | D        | Reached skill level 10 in Fighting
  2368 | D        | Killed Harold
  2470 | D        | Noticed an orc knight
  2490 | D        | Killed an orc knight
  2528 | D        | Bought 3 potions of might for 144 gold pieces
  2528 | D        | Bought a potion of ambrosia for 96 gold pieces
  2528 | D        | Bought a potion of curing for 36 gold pieces
  2528 | D        | Bought a potion of curing for 36 gold pieces
  2528 | D        | Bought a potion of mutation for 96 gold pieces
  2528 | D        | Bought a potion of heal wounds for 60 gold pieces
  2530 | D        | Bought a +0 helmet of intelligence for 138 gold pieces
  2842 | D        | Noticed an orc knight
  2842 | D        | Noticed an orc sorcerer
  2842 | D        | Noticed an orc high priest
  2844 | D        | Killed an orc high priest
  2845 | D        | Reached skill level 17 in Long Blades
  2845 | D        | Reached XP level 12. HP: 94/94 MP: 0/0
  3161 | D        | Found Azepewupaq's Distillery.
  3161 | D        | Noticed an orc high priest
  3161 | D        | Noticed an orc high priest
  3162 | D        | Noticed an orc high priest
  3166 | D        | Noticed an orc high priest
  3174 | D        | Killed an orc high priest
  3177 | D        | Killed an orc high priest
  3178 | D        | Found Zuux's Antique Weapon Shop.
  3178 | D        | Noticed a sun demon
  3182 | D        | Noticed an orc high priest
  3184 | D        | Found Deogeig's Antique Armour Boutique.
  3184 | D        | Noticed an orc high priest
  3187 | D        | Killed an orc high priest
  3199 | D        | Noticed a sixfirhy
  3204 | D        | Killed an orc high priest
  3205 | D        | Found Xafof's Magic Scroll Shop.
  3229 | D        | Killed an orc high priest
  3230 | D        | Noticed an orc high priest
  3239 | D        | Killed an orc high priest
  3241 | D        | Noticed an orc high priest
  3247 | D        | Noticed an orc high priest
  3252 | D        | Killed an orc high priest
  3253 | D        | Reached skill level 18 in Long Blades
  3261 | D        | Killed an orc high priest
  3262 | D        | Noticed a sun demon
  3280 | D        | Killed an orc high priest
  3677 | D        | Bought a potion of mutation for 80 gold pieces
  3677 | D        | Bought a potion of curing for 30 gold pieces
  3677 | D        | Bought a potion of invisibility for 80 gold pieces
  3677 | D        | Bought a potion of resistance for 100 gold pieces
  3677 | D        | Bought a potion of haste for 100 gold pieces
  3677 | D        | Bought a potion of curing for 30 gold pieces
  3677 | D        | Bought a potion of mutation for 80 gold pieces
  3677 | D        | Bought a potion of degeneration for 10 gold pieces
  3677 | D        | Bought a potion of lignification for 30 gold pieces
  3689 | D        | Bought a scroll of fear for 44 gold pieces
  3689 | D        | Bought a scroll of enchant weapon for 82 gold pieces
  3689 | D        | Bought a scroll of brand weapon for 104 gold pieces
  3689 | D        | Bought a scroll of identify for 22 gold pieces
  3689 | D        | Bought a scroll of identify for 22 gold pieces
  3689 | D        | Bought a scroll of blinking for 82 gold pieces
  3901 | D        | Found the +4 skin of Zhor {*Englaciate rC+++ SInv}
  3968 | D        | Bought a +5 great sword of flaming for 541 gold pieces
  3968 | D        | Bought a +1 great sword of holy wrath for 261 gold pieces
  3971 | D        | Noticed a boulder beetle
  3989 | D        | Killed a boulder beetle
  3995 | D        | Reached XP level 13. HP: 93/104 MP: 0/0
  3995 | D        | Learned a level 5 spell: Summon Mana Viper
  4001 | D        | Noticed a red very ugly thing
  4008 | D        | Noticed a purple very ugly thing
  4013 | D        | Noticed an ettin
  4015 | D        | Noticed a spark wasp
  4020 | D        | Killed a purple very ugly thing
  4021 | D        | Noticed a fire giant
  4028 | D        | Killed a green very ugly thing
  4029 | D        | Reached skill level 10 in Spellcasting
  4029 | D        | Reached skill level 10 in Conjurations
  4029 | D        | Reached skill level 10 in Hexes
  4029 | D        | Reached skill level 10 in Summonings
  4029 | D        | Reached skill level 10 in Necromancy
  4029 | D        | Reached skill level 10 in Translocations
  4029 | D        | Reached skill level 10 in Transmutations
  4029 | D        | Reached skill level 10 in Fire Magic
  4029 | D        | Reached skill level 10 in Ice Magic
  4029 | D        | Reached skill level 10 in Air Magic
  4029 | D        | Reached skill level 10 in Earth Magic
  4029 | D        | Reached skill level 10 in Poison Magic
  4039 | D        | Killed an ettin
  4040 | D        | Reached skill level 19 in Long Blades
  4061 | D        | Slain by a spriggan berserker

Illustrated notes

Levels and vault maps discovered:
D:        linesprint [early_d, line_temple, items_1, d_10, items_2, lair_1,
          lair_end, items_3, orc_1, orc_end, items_4, d_15, swamp_1, shoals_1,
          snake_1, spider_1, d_20, vaults_1, items_5, swamp_end, shoals_end,
          snake_end, spider_end, vaults_end, d_27, items_6, zot_1, zot_end,
          crypt_end, forest_end, elf_end, slime_end, tomb_end, abyss_end,
          pan_hell_end]

Skill      XL: |  1  2  3  4  5  6  7  8  9 10 11 12 13 |
---------------+----------------------------------------+-----
Long Blades    | 3 5 10 11 12 14 15 17 18 19 | 19.0
Dodging        | 4 6 8 9 10 11 12 13 | 13.8
Fighting       | 3 4 5 6 8 11 13 14 | 14.8
Throwing       | 2 3 |  3.0
Armour         | 2 4 5 7 9 11 12 | 12.5
Spellcasting   | 2 3 4 5 6 7 9 10 | 10.2
Conjurations   | 2 3 4 5 6 7 9 10 | 10.2
Hexes          | 2 3 4 5 6 7 9 10 | 10.2
Summonings     | 2 3 4 5 6 7 9 10 | 10.2
Necromancy     | 2 3 4 5 6 7 9 10 | 10.2
Translocations | 2 3 4 5 6 7 9 10 | 10.2
Transmutations | 2 3 4 5 6 7 9 10 | 10.2
Fire Magic     | 2 3 4 5 6 7 9 10 | 10.2
Ice Magic      | 2 3 4 5 6 7 9 10 | 10.2
Air Magic      | 2 3 4 5 6 7 9 10 | 10.2
Earth Magic    | 2 3 4 5 6 7 9 10 | 10.2
Poison Magic   | 2 3 4 5 6 7 9 10 | 10.2
Evocations     | 1 2 3 4 |  4.5
Stealth        | 1 |  1.9

Action                     |  1- 3 |  4- 6 |  7- 9 | 10-12 | 13-15 || total
---------------------------+-------+-------+-------+-------+-------++-------
  Melee: Long sword        |    20 |    18 |       |       |       ||    38
         Scimitar          |       |       |    19 |   290 |       ||   309
         Punch             |       |       |       |     7 |       ||     7
         Great sword       |       |       |       |    22 |    34 ||    56
  Throw: Javelin           |     1 |       |       |       |       ||     1
 Invoke: Call Merchant     |       |       |       |     3 |       ||     3
         Potion Petition   |       |       |       |     2 |       ||     2
  Evoke: Wand              |       |     2 |     5 |     3 |       ||    10
    Use: Potion            |     1 |       |     1 |     3 |     1 ||     6
         Scroll            |       |       |     1 |     6 |     2 ||     9
   Stab: Distracted        |       |       |       |     4 |     3 ||     7
         Sleeping          |       |       |       |     1 |       ||     1
 Armour: Leather armour    |     6 |     4 |       |       |       ||    10
         Chain mail        |       |     2 |     1 |    23 |       ||    26
         Ring mail         |       |       |       |    22 |       ||    22
         Animal skin       |       |       |       |     2 |     1 ||     3
  Dodge: Dodged            |    18 |     9 |    10 |   126 |     8 ||   171

Table legend: (Time is in decaauts)
 A = Elapsed time spent in this place.
 B = Non-inter-level travel time spent in this place.
 C = Inter-level travel time spent in this place.
 D = Time resting spent in this place.
 E = Time spent auto-exploring this place.
 F = Levels seen in this place.
 G = Mean time per level.
                   A        B        C        D        E       F      G
               +--------+--------+--------+--------+--------+-----+--------+
         Total |   3944 |   3944 |      0 |   2689 |      0 |   1 | 3944.0 |
       Dungeon |   3944 |   3944 |      0 |   2689 |      0 |   1 | 3944.0 |
               +--------+--------+--------+--------+--------+-----+--------+

Top non-repeatable levels by time:
       D: 3944 daAuts
